 Dungeon Crawl Stone Soup version 0.31-a0-819-gf6de2f5ab6 (webtiles) character file.

Game seed: 1644660093607684523

117 Leeroy the Changeling (level 5, -1/37 HPs)
             Began as a Merfolk Shapeshifter on Sept 23, 2023.
             Slain by Natasha (8 damage)
             ... on level 3 of the Dungeon.
             The game lasted 00:02:42 (1734 turns).

Leeroy the Changeling (Merfolk Shapeshifter)        Turns: 1734, Time: 00:02:43

Health: -1/37      AC:  2    Str: 16    XL:     5   Next: 1%
Magic:  5/5        EV: 13    Int: 10    God:
Gold:   97         SH:  0    Dex: 19    Spells: 4/4 levels left

rFire   . .          .
                       - Unarmed
rCold   . . .        (no shield)
rNeg    . . .        a - +0 animal skin
rPois   .            (helmet currently unavailable)
rElec   .            (cloak currently unavailable)
rCorr   .            x - melded +2 pair of gloves
SInv    .            (boots currently unavailable)
Will    +....        (no amulet)
Stlth   ++           r - +6 ring of dexterity
HPRegen 0.26/turn    l - ring of willpower
MPRegen 0.09/turn

%: no passive effects
@: beast-form
A: beast (slay +3), (nimble swimmer 2), mertail
a: Begin Untransformation


You were on level 3 of the Dungeon.
You were a hulking beast.
You visited 1 branch of the dungeon, and saw 3 of its levels.

You collected 97 gold pieces.

Inventory:

Hand Weapons
 w - the +4 rapier of the Secret Emperors {vamp, Dex+3}
   (You found it on level 2 of the Dungeon)

   Dex+3:     It affects your dexterity (+3).
Armour
 a - a +0 animal skin (worn)
 h - a +0 cloak
 v - a +0 helmet
 x - a +2 pair of gloves (melded)
Jewellery
 k - a ring of flight
 l - a ring of willpower (right hand)
 r - a +6 ring of dexterity (left hand)
Talismans
 c - a beast talisman (active)
 d - a flux talisman
Scrolls
 i - 2 scrolls of identify {unknown}
 j - a scroll of immolation {unknown}
 m - a scroll of revelation {unknown}
 n - a scroll of poison {unknown}
 q - a scroll of enchant weapon {unknown}
 t - 4 scrolls of teleportation {unknown}
 u - a scroll of noise {unknown}
Potions
 b - a potion of lignification
 e - a potion of attraction {unknown}
 f - 3 potions of heal wounds {unknown}
 g - a potion of degeneration {unknown}
 o - a potion of curing {unknown}
 p - 2 potions of mutation {unknown}
 s - a potion of magic {unknown}


   Skills:
 - Level 1.1 Fighting
 - Level 2.6 Dodging
 - Level 3.2 Unarmed Combat
 + Level 6.9 Shapeshifting


You had 4 spell levels left.
You didn't know any spells.
Your spell library was empty.

Dungeon Overview and Level Annotations

Branches:
Dungeon (3/15)

Altars:

Annotations:
D:3 Natasha


Innate Abilities, Weirdness & Mutations

You are a hulking beast.
Your limbs bulge with bestial killing power. (Slay +3)
((You are very nimble when in or above water. (Stealth+, EV+, Speed+++)))
Your lower body shifts to a powerful aquatic tail in water.


Message History

Natasha claws you but does no damage.
You barely miss Natasha.
Natasha is lightly wounded.
Natasha claws you.
You hit Natasha.
Natasha is moderately wounded.
Natasha mumbles some strange words.
You hit Natasha.
Natasha is heavily wounded.
Natasha mumbles some strange words.
You barely miss Natasha. Your punch misses Natasha.
Natasha is heavily wounded.
The cerulean imp barely misses you. Natasha misses you.
You closely miss Natasha.
Natasha is heavily wounded.
The cerulean imp hits you with a +0 spear.
The cerulean imp hits you from afar with a +1 spear.
You miss Natasha.
Natasha is heavily wounded.
Natasha barely misses you. The cerulean imp barely misses you.
You barely miss Natasha.
Natasha is heavily wounded.
The cerulean imp hits you from afar with a +1 spear.
* * * LOW HITPOINT WARNING * * *
Natasha barely misses you.
The cerulean imp hits you with a +0 spear.
* * * LOW HITPOINT WARNING * * *
You barely miss Natasha.
Natasha is heavily wounded.
The cerulean imp closely misses you.
Natasha stares at you and mumbles some strange words.
The magic dart hits you.
* * * LOW HITPOINT WARNING * * *
The cerulean imp hits you but does no damage.
You closely miss Natasha.
Natasha is heavily wounded.
The cerulean imp hits you but does no damage.
Natasha claws you!
You die...
Natasha begins licking her fur clean.

#.#.# #.#.#
#####.#.###h.....
##........[..#...#
##......#.###.#(#.# #
#.....).......#...#.#
#.....###.##..h.... .
#.#.#.# #.##...#.#..#
#.#.#.# #h##........#
#.#.#.# #5h5........#
#.#.#.######..#?....#
#.#.#.... ..........#
######.#.#...##....<......
##..................###.###
..............##....# #
...####>............# ##
#.####..#..#...


You could see Natasha and 2 cerulean imps.

Vanquished Creatures
  A howler monkey (D:2)
  Natasha (D:3)
  2 adders (D:2)
  An adder skeleton (D:2)
  A worm (D:2)
  4 bats
  4 endoplasms
  A giant cockroach (D:1)
  5 hobgoblins
  2 kobolds (D:1)
  3 ball pythons
  A frilled lizard (D:1)
  4 goblins
  A rat (D:2)
31 creatures vanquished.

Notes
Turn   | Place    | Note
-------+----------+-------------------------------------------
     0 | D:1      | Leeroy the Merfolk Shapeshifter began the quest for the
                  | Orb.
     0 | D:1      | Reached XP level 1. HP: 15/15 MP: 1/1
   239 | D:1      | Reached XP level 2. HP: 18/21 MP: 2/2
   459 | D:1      | Reached skill level 5 in Shapeshifting
   734 | D:2      | Reached XP level 3. HP: 24/26 MP: 3/3
  1210 | D:2      | Identified the +4 rapier of the Secret Emperors {vamp,
                  | Dex+3}
  1275 | D:2      | Reached skill level 6 in Shapeshifting
  1275 | D:2      | Reached XP level 4. HP: 5/32 MP: 4/4
  1671 | D:3      | Noticed Natasha
  1683 | D:3      | Killed Natasha
  1684 | D:3      | Reached XP level 5. HP: 13/37 MP: 5/5
  1713 | D:3      | Noticed Natasha
  1734 | D:3      | Slain by Natasha

Illustrated notes

Levels and vault maps discovered:
D:1:      dpeg_arrival_short_road, layout_basic, serial_glass, glass_columns_a,
          glass_columns_a
D:2:      layout_loops_cross, serial_undead, serial_undead_c, serial_undead_b,
          serial_undead_b, serial_undead_c
D:3:      layout_loops_ring, minmay_misc_feat_five, uniq_natasha

Skill      XL: |  1  2  3 |
---------------+----------+-----
Shapeshifting  | 5 6 |  6.9
Fighting       | |  1.1
Dodging        | |  2.6
Unarmed Combat | |  3.2

Action                     |  1- 3 |  4- 6 || total
---------------------------+-------+-------++-------
  Melee: Unarmed           |    77 |    13 ||    90
         Rapier            |       |    17 ||    17
         Punch             |       |     1 ||     1
    Use: Potion            |     1 |       ||     1
   Stab: Sleeping          |     1 |       ||     1
 Armour: Animal skin       |    35 |    26 ||    61
         Skin              |     2 |       ||     2
  Dodge: Dodged            |    32 |    23 ||    55
   Form: Beast             |       |     1 ||     1
         Flux              |       |     1 ||     1

Table legend: (Time is in decaauts)
 A = Elapsed time spent in this place.
 B = Non-inter-level travel time spent in this place.
 C = Inter-level travel time spent in this place.
 D = Time resting spent in this place.
 E = Time spent auto-exploring this place.
 F = Levels seen in this place.
 G = Mean time per level.
                   A        B        C        D        E       F      G
               +--------+--------+--------+--------+--------+-----+--------+
         Total |   1729 |   1643 |     86 |    127 |   1215 |   3 |  576.3 |
       Dungeon |   1729 |   1643 |     86 |    127 |   1215 |   3 |  576.3 |
               +--------+--------+--------+--------+--------+-----+--------+

Top non-repeatable levels by time:
     D:2: 948 daAuts
     D:1: 607 daAuts
     D:3: 172 daAuts
